 Dungeon Crawl Stone Soup version 0.27.0-1-g7a089689b8 (webtiles) character file.

Game seed: 17565289661969288360

48024 robertstho the Frost Mage (level 14, -2/108 HPs)
             Began as a Gnoll Ice Elementalist on Aug 4, 2021.
             Was an Elder of Sif Muna.
             Succumbed to a cane toad's poison
             ... on level 6 of the Lair of Beasts.
             The game lasted 00:50:42 (20395 turns).

robertstho the Frost Mage (Gnoll Ice Elementalist) Turns: 20395, Time: 00:50:43

Health: -2/108     AC: 10    Str: 13    XL:     14   Next: 44%
Magic:  21/37      EV: 17    Int: 24    God:    Sif Muna [****..]
Gold:   1317       SH: 11    Dex: 14    Spells: 7/33 levels left

rFire    + + .     SeeInvis .   I - +3 spear of Qenk {freeze, Str+5 Int+4}
rCold    . . .     Faith    .   F - +0 buckler
rNeg     + . .     Spirit   .   p - +2 robe {rF+}
rPois    .         Reflect  +   k - +2 helmet of the Wasteland {rN+ Regen+ Dex+2}
rElec    +         Harm     .   (no cloak)
rCorr    +         Rampage  .   j - +1 pair of gloves
Will     ++...                  (no boots)
Stlth    ++++......             G - amulet of reflection
HPRegen  1.28/turn              x - ring of Xuarurod {rElec rF+ Will+ rCorr}
MPRegen  0.25/turn              v - ring of magical power

@: lethally poisoned (-2 -> -35), forested
A: fangs 1, strong nose, distributed training
a: Renounce Religion, Channel Magic, Forget Spell, Divine Exegesis


You were on level 6 of the Lair of Beasts.
You worshipped Sif Muna.
Sif Muna was greatly pleased with you.
You visited 3 branches of the dungeon, and saw 19 of its levels.
You also visited: Ossuary and Volcano.

You collected 1317 gold pieces.

Inventory:

Hand Weapons
 C - a +1 falchion of holy wrath
 I - the +3 spear of Qenk (weapon) {freeze, Str+5 Int+4}
   (You found it on level 11 of the Dungeon)

   It freezes those it strikes, dealing additional cold damage.
   It can also slow down cold-blooded creatures.
   Str:       It affects your strength (+5).
   Int:       It affects your intelligence (+4).
 U - a +2 great sword of holy wrath
Armour
 j - a +1 pair of gloves (worn)
 k - the +2 helmet of the Wasteland (worn) {rN+ Regen+ Dex+2}
   (You acquired it on level 5 of the Dungeon)

   Dex:       It affects your dexterity (+2).
   rN:        It protects you from negative energy.
   Regen:     It increases your rate of health regeneration.
 p - a +2 robe of fire resistance (worn)
 D - +0 steam dragon scales
 F - a +0 buckler (worn)
 J - +0 acid dragon scales
Jewellery
 c - a ring of poison resistance
 d - a ring of protection from cold
 n - a +4 ring of slaying
 s - an amulet of regeneration
 v - a ring of magical power (right hand)
 x - the ring of Xuarurod (left hand) {rElec rF+ Will+ rCorr}
   (You acquired it on level 3 of the Dungeon)

   [ring of resist corrosion]

   rF:        It protects you from fire.
   rElec:     It insulates you from electricity.
   rCorr:     It protects you from acid and corrosion.
   Will:      It increases your willpower.
 y - a +4 ring of evasion
 A - a ring of flight
 G - an amulet of reflection (around neck)
 K - a ring of see invisible
 L - an amulet of the acrobat
Wands
 l - a wand of charming (24)
 r - a wand of iceblast (12)
 Q - a wand of mindburst (21)
 R - a wand of paralysis (6)
 S - a wand of flame (20)
 V - a wand of acid (6)
Scrolls
 e - 3 scrolls of enchant armour
 h - a scroll of vulnerability
 m - 2 scrolls of fog
 o - a scroll of torment
 w - 2 scrolls of enchant weapon
 H - 4 scrolls of immolation
 M - a scroll of blinking
 O - a scroll of teleportation
 P - a scroll of brand weapon
Potions
 a - 2 potions of brilliance
 b - 9 potions of haste
 f - 2 potions of might
 g - 4 potions of flight
 i - 5 potions of attraction
 q - a potion of mutation
 t - 2 potions of heal wounds {unknown}
 u - a potion of magic {unknown}
 z - a potion of lignification {unknown}
 B - 12 potions of ambrosia
 E - 2 potions of berserk rage
 N - 6 potions of curing
 T - a potion of resistance {unknown}
Miscellaneous
 X - a condenser vane


   Skills:
 + Level 9.2 Fighting
 + Level 9.2 Short Blades
 + Level 9.2 Long Blades
 + Level 9.2 Axes
 + Level 9.2 Maces & Flails
 + Level 9.2 Polearms
 + Level 9.2 Staves
 + Level 9.2 Slings
 + Level 9.2 Bows
 + Level 9.2 Crossbows
 + Level 9.2 Throwing
 + Level 9.2 Armour
 + Level 10.2 Dodging
 + Level 10.1 Stealth
 + Level 9.2 Shields
 + Level 9.2 Unarmed Combat
 + Level 10.4 Spellcasting
 + Level 7.7 Conjurations
 + Level 7.7 Hexes
 + Level 7.7 Summonings
 + Level 7.7 Necromancy
 + Level 7.7 Translocations
 + Level 7.7 Transmutations
 + Level 7.7 Fire Magic
 + Level 10.4 Ice Magic
 + Level 7.7 Air Magic
 + Level 7.7 Earth Magic
 + Level 7.7 Poison Magic
 + Level 10.0 Invocations
 + Level 9.2 Evocations


You had 7 spell levels left.
You knew the following spells:

 Your Spells              Type           Power      Damage    Failure   Level
a - Freeze                Ice            100%       1d11      1%          1
b - Frozen Ramparts       Ice            100%       1d12      1%          3
c - Ozocubu's Armour      Ice            58%        N/A       1%          3
d - Hailstorm             Conj/Ice       54%        3d12      1%          4
e - Bolt of Magma         Conj/Fire/Erth 24%        4d12      6%          5
f - Summon Forest         Summ/Tloc      24%        N/A       6%          5
g - Summon Mana Viper     Hex/Summ       49%        N/A       6%          5

Your spell library contained the following spells:

 Spells                   Type           Power      Damage    Failure   Level
 Animate Skeleton         Necr           98%        N/A       1%          1
 Apportation              Tloc           98%        N/A       1%          1
 Beastly Appendage        Tmut           98%        N/A       1%          1
 Corona                   Hex            54%        N/A       1%          1
 Foxfire                  Conj/Fire      100%       2x1d9     1%          1
 Summon Small Mammal      Summ           100%       N/A       1%          1
 Slow                     Hex            49%        N/A       1%          2
 Wereblood                Tmut           49%        N/A       1%          2
 Call Canine Familiar     Summ           49%        N/A       1%          3
 Confusing Touch          Hex            49%        N/A       1%          3
 Conjure Flame            Conj/Fire      49%        6-21      1%          3
 Ignite Poison            Fire/Tmut/Pois 49%        N/A       1%          3
 Inner Flame              Hex/Fire       49%        N/A       1%          3
 Portal Projectile        Hex/Tloc       98%        N/A       1%          3
 Spider Form              Tmut/Pois      24%        N/A       1%          3
 Summon Guardian Golem    Hex/Summ       49%        N/A       1%          3
 Leda's Liquefaction      Hex/Erth       24%        N/A       1%          4
 Blade Hands              Tmut           24%        N/A       6%          5
 Excruciating Wounds      Necr           24%        N/A       6%          5
 Yara's Violent Unravell  Hex/Tmut       24%        3d11      6%          5
 Statue Form              Tmut/Erth      32%        N/A       32%         6
 Malign Gateway           Summ/Tloc      24%        N/A       87%         7
 Monstrous Menagerie      Summ           24%        N/A       87%         7
 Spellforged Servitor     Conj/Summ      24%        N/A       87%         7


Dungeon Overview and Level Annotations

Branches:
Dungeon (12/15)            Temple (1/1) D:5            Lair (6/6) D:11
 Shoals (0/4) Lair:4        Snake (0/4) Lair:2        Slime (0/5) Lair:5
    Orc (0/2) D:11        Ossuary (visited)         Volcano (visited)

Altars:
Cheibriados
Dithmenos
Elyvilon
Fedhas
Gozag
Kikubaaqudgha
Nemelex Xobeh
Okawaru
Qazlal
Sif Muna
Trog
Uskayaw
Vehumet
Wu Jian
Xom
Yredelemnul
Zin
The Shining One
Jiyva

Shops:
D:5 *

Annotations:
D:9 3 runed translucent doors, ProzacElf's ghost, journeyman TrWz
Lair:2 exclusion: oklob plant


Innate Abilities, Weirdness & Mutations

You have very sharp teeth.
Your uncanny sense of smell can sniff out nearby items.
Your experience applies equally to all skills.


Message History

The eight-headed hydra closely misses you. x2
Your mana viper bites the yak.
The yak barely misses your mana viper.
Unknown command.
You feel extremely sick.
A nearby plant withers and dies.
A nearby fungus withers and dies.
You block the cane toad's attack. The cane toad stings you!!
You are more poisoned.
The cane toad poisons you!
Your mana viper closely misses the black mamba.
You block the yak's attack.
You block the eight-headed hydra's attack.
The eight-headed hydra bites you!
* * * LOW HITPOINT WARNING * * *
The eight-headed hydra bites you.
* * * LOW HITPOINT WARNING * * *
You block the eight-headed hydra's attack.
The eight-headed hydra bites you.
* * * LOW HITPOINT WARNING * * *
The eight-headed hydra barely misses you.
The eight-headed hydra misses you.
The eight-headed hydra bites you but does no damage.
The cane toad completely misses you.
Your mana viper closely misses the black mamba.
Your mana viper bites the black mamba!
The yak completely misses you. The eight-headed hydra bites you.
* * * LOW HITPOINT WARNING * * *
The eight-headed hydra bites you but does no damage.
The eight-headed hydra bites you!
* * * LOW HITPOINT WARNING * * *
The eight-headed hydra completely misses you.
The eight-headed hydra bites you but does no damage.
The eight-headed hydra barely misses you.
The eight-headed hydra bites you!
* * * LOW HITPOINT WARNING * * *
The eight-headed hydra closely misses you.
Blink to where?
Press: ? - help, Dir - move target
As you read the scroll of blinking, it crumbles to dust.
You feel yourself speed up.
You die...

..## ... ....###.#
........##
.........##
.......... .......
.......#.. #...#
...........###..@#
....Y≈≈≈≈≈≈.≈##...#
#..♣≈≈≈≈≈≈≈≈.....P#
...w≈≈≈≈≈≈≈≈.....##
...≈≈≈≈≈≈≈≈≈≈....#
...≈≈≈≈≈≈≈≈≈≈...##
.....≈≈≈D§≈≈≈.#.
#...≈YSYF≈≈..#.
#....SS♣≈≈≈≈.#


You could see a cane toad.

Vanquished Creatures
  A fire dragon (Lair:4)
  Josephine (D:11)
  6 hydras
  2 centaur warriors (D:9)
  3 two-headed ogres
  8 death yaks
  Sonja (Lair:3)
  A sun demon (Volcano)
  Nergalle (D:10)
  A wizard (D:9)
  3 oklob plants
  2 ugly things (Volcano)
  An orc sorcerer (Volcano)
  Joseph (D:10)
  A cyclops (D:12)
  3 black mambas
  6 elephants
  5 cane toads
  2 unseen horrors (D:10)
  A rime drake (Lair:4)
  5 komodo dragons
  5 kobold demonologists
  A red devil (Volcano)
  A queen bee (D:11)
  5 polar bears
  2 slime creatures
  8 blink frogs
  11 dream sheep
  A snapping turtle (Lair:4)
  5 wraiths
  24 yaks
  6 fire bats (Volcano)
  A wyvern (Lair:4)
  A basilisk (Lair:5)
  2 vampire mosquitoes (D:11)
  A steam dragon (D:6)
  Edmund (D:6)
  2 acid dragons
  10 water moccasins
  An ice beast (D:7)
  A swamp drake (D:11)
  4 orc warriors
  2 sky beasts (D:8)
  A hornet zombie (D:7)
  3 black bears
  3 ogres
  18 wolves
  6 centaurs
  2 kobold brigands
  12 bullfrogs
  A gnoll sergeant (D:10)
  A wyvern zombie (D:5)
  An elf zombie (D:5)
  2 elf skeletons (D:5)
  A wyvern skeleton (D:7)
  24 killer bees (D:11)
  8 wights
  3 electric eels
  2 howler monkeys
  8 lava snakes
  3 centaur zombies
  A bullfrog zombie (D:5)
  2 jellies
  2 gnoll shamans
  3 hounds
  6 orc priests
  4 iguanas
  7 orc wizards
  3 human skeletons (D:5)
  A killer bee zombie (D:5)
  8 mummies (Ossuary)
  13 gnolls
  A howler monkey zombie (D:5)
  6 adders
  A shadow imp (D:7)
  A white imp (D:5)
  An ufetubus (D:5)
  2 worms (D:5)
  3 dart slugs
  31 orcs
  5 bats
  12 endoplasms
  4 giant cockroaches
  7 goblins
  3 hobgoblins
  9 jackals
  3 quokkas
  5 ball pythons
  3 frilled lizards
  A gnoll zombie (Ossuary)
  4 hobgoblin zombies (Ossuary)
  22 kobolds
  2 kobold zombies (Ossuary)
  An orc zombie (Ossuary)
  6 rats
432 creatures vanquished.

Vanquished Creatures (collateral kills)
  A death yak (Lair:5)
  A cane toad (Lair:5)
  5 dream sheep (Lair:5)
  3 yaks (Lair:5)
  A steam dragon (D:9)
  A water moccasin (Lair:6)
  A centaur (Lair:5)
  A bullfrog (Lair:5)
14 creatures vanquished.

Vanquished Creatures (others)
  A howler monkey zombie (D:9)
  48 fungi
  50 plants
  2 snaplasher vines (Lair:5)
101 creatures vanquished.

Grand Total: 547 creatures vanquished

Notes
Turn   | Place    | Note
-------+----------+-------------------------------------------
     0 | D:1      | robertstho the Gnoll Ice Elementalist began the quest for
                  | the Orb.
     0 | D:1      | Reached XP level 1. HP: 13/13 MP: 6/6
   272 | D:1      | Reached XP level 2. HP: 17/19 MP: 5/7
  1194 | D:2      | Reached skill level 5 in Spellcasting
  1194 | D:2      | Reached XP level 3. HP: 21/25 MP: 5/9
  1278 | D:2      | Reached skill level 1 in Invocations
  1767 | D:2      | Reached skill level 1 in Fighting
  1767 | D:2      | Reached skill level 1 in Short Blades
  1767 | D:2      | Reached skill level 1 in Long Blades
  1767 | D:2      | Reached skill level 1 in Axes
  1767 | D:2      | Reached skill level 1 in Maces & Flails
  1767 | D:2      | Reached skill level 1 in Polearms
  1767 | D:2      | Reached skill level 1 in Staves
  1767 | D:2      | Reached skill level 1 in Slings
  1767 | D:2      | Reached skill level 1 in Bows
  1767 | D:2      | Reached skill level 1 in Crossbows
  1767 | D:2      | Reached skill level 1 in Throwing
  1767 | D:2      | Reached skill level 1 in Armour
  1767 | D:2      | Reached skill level 1 in Shields
  1767 | D:2      | Reached skill level 1 in Unarmed Combat
  1767 | D:2      | Reached skill level 1 in Evocations
  1767 | D:2      | Reached XP level 4. HP: 31/32 MP: 9/11
  2428 | D:3      | Reached skill level 1 in Conjurations
  2428 | D:3      | Reached skill level 1 in Hexes
  2428 | D:3      | Reached skill level 1 in Summonings
  2428 | D:3      | Reached skill level 1 in Necromancy
  2428 | D:3      | Reached skill level 1 in Translocations
  2428 | D:3      | Reached skill level 1 in Transmutations
  2428 | D:3      | Reached skill level 1 in Fire Magic
  2428 | D:3      | Reached skill level 1 in Air Magic
  2428 | D:3      | Reached skill level 1 in Earth Magic
  2428 | D:3      | Reached skill level 1 in Poison Magic
  2615 | D:3      | Reached XP level 5. HP: 37/37 MP: 12/12
  2638 | D:3      | Found a faded altar of an unknown god.
  3418 | D:4      | Found a glowing silver altar of Zin.
  3682 | D:4      | Found a stormy altar of Qazlal.
  3766 | D:4      | Noticed a necrophage
  3798 | D:3      | Identified 2 scrolls of acquirement
  3798 | D:3      | Acquired the ring of Xuarurod {rElec rF+ Will+ rCorr}
  3869 | D:2      | Learned a level 3 spell: Frozen Ramparts
  3873 | D:2      | Learned a level 3 spell: Ozocubu's Armour
  4336 | D:4      | Reached XP level 6. HP: 22/41 MP: 13/13
  4517 | D:4      | Reached skill level 5 in Dodging
  4716 | D:4      | Identified the +2 pair of gloves of Death's Door {rF- Str+8
                  | Int+4}
  4873 | D:5      | Entered Level 5 of the Dungeon
  4910 | D:5      | Acquired the +2 helmet of the Wasteland {rN+ Regen+ Dex+2}
  5187 | D:5      | Reached XP level 7. HP: 50/50 MP: 15/15
  5194 | D:5      | Found a sand-covered staircase.
  5211 | Ossuary  | Entered an ossuary
  5598 | D:5      | Reached skill level 5 in Stealth
  6062 | D:5      | Reached XP level 8. HP: 57/57 MP: 16/16
  6088 | D:5      | Found a basalt altar of Yredelemnul.
  6505 | D:5      | Found Bipy's Serpentskin Sales.
  6553 | D:5      | Found a staircase to the Ecumenical Temple.
  6569 | Temple   | Entered the Ecumenical Temple
  6577 | Temple   | Became a worshipper of Sif Muna the Loreminder
  6686 | D:6      | Found an ancient bone altar of Kikubaaqudgha.
  6687 | D:6      | Found a hide-covered altar of Uskayaw.
  6748 | D:6      | Noticed Edmund
  6762 | D:6      | Killed Edmund
  7057 | D:6      | Reached XP level 9. HP: 65/65 MP: 18/18
  7088 | D:6      | Found a sparkling altar of Nemelex Xobeh.
  7267 | D:6      | Reached * piety under Sif Muna
  8111 | D:8      | Found an ornate altar of the Wu Jian Council.
  8633 | D:8      | Found a bloodstained altar of Trog.
  8838 | D:8      | Reached skill level 5 in Invocations
  9308 | D:9      | Noticed a two-headed ogre
  9308 | D:9      | Noticed a centaur warrior
  9309 | D:9      | Noticed a kobold demonologist
  9315 | D:9      | Killed a kobold demonologist
  9316 | D:9      | Reached XP level 10. HP: 16/73 MP: 20/20
  9317 | D:9      | Killed a two-headed ogre
  9318 | D:9      | Reached skill level 5 in Fighting
  9318 | D:9      | Reached skill level 5 in Short Blades
  9318 | D:9      | Reached skill level 5 in Long Blades
  9318 | D:9      | Reached skill level 5 in Axes
  9318 | D:9      | Reached skill level 5 in Maces & Flails
  9318 | D:9      | Reached skill level 5 in Polearms
  9318 | D:9      | Reached skill level 5 in Staves
  9318 | D:9      | Reached skill level 5 in Slings
  9318 | D:9      | Reached skill level 5 in Bows
  9318 | D:9      | Reached skill level 5 in Crossbows
  9318 | D:9      | Reached skill level 5 in Throwing
  9318 | D:9      | Reached skill level 5 in Armour
  9318 | D:9      | Reached skill level 5 in Shields
  9318 | D:9      | Reached skill level 5 in Unarmed Combat
  9318 | D:9      | Reached skill level 5 in Evocations
  9463 | D:8      | Learned a level 4 spell: Hailstorm
  9532 | D:9      | Killed a centaur warrior
  9665 | D:9      | Reached ** piety under Sif Muna
  9756 | D:9      | Noticed a two-headed ogre
  9771 | D:9      | Killed a two-headed ogre
  9881 | D:9      | Noticed a wizard
  9884 | D:9      | Noticed a centaur warrior
  9887 | D:9      | Killed a wizard
  9892 | D:9      | Killed a centaur warrior
  9893 | D:9      | Reached XP level 11. HP: 56/81 MP: 14/22
 10016 | D:9      | Found a runed translucent gate.
 10017 | D:9      | Found a runed translucent gate.
 10018 | D:9      | Found a runed translucent gate.
 10019 | D:9      | Found an opulent altar of Gozag.
 10020 | D:9      | Noticed a boulder beetle
 10021 | D:9      | Noticed ProzacElf's ghost (journeyman TrWz)
 10563 | D:10     | Entered Level 10 of the Dungeon
 10612 | D:10     | Reached skill level 5 in Conjurations
 10612 | D:10     | Reached skill level 5 in Hexes
 10612 | D:10     | Reached skill level 5 in Summonings
 10612 | D:10     | Reached skill level 5 in Necromancy
 10612 | D:10     | Reached skill level 5 in Translocations
 10612 | D:10     | Reached skill level 5 in Transmutations
 10612 | D:10     | Reached skill level 5 in Fire Magic
 10612 | D:10     | Reached skill level 5 in Air Magic
 10612 | D:10     | Reached skill level 5 in Earth Magic
 10612 | D:10     | Reached skill level 5 in Poison Magic
 11228 | D:10     | Noticed a two-headed ogre
 11237 | D:10     | Killed a two-headed ogre
 11238 | D:10     | Noticed Joseph
 11245 | D:10     | Killed Joseph
 11364 | D:10     | Noticed Nergalle
 11369 | D:10     | Noticed a spectral orc warlord
 11384 | D:10     | Killed Nergalle
 11552 | D:11     | Reached *** piety under Sif Muna
 11553 | D:11     | Noticed Josephine
 11564 | D:11     | Reached XP level 12. HP: 31/89 MP: 18/24
 11735 | D:11     | Identified the +3 spear of Qenk {freeze, Str+5 Int+4}
 11761 | D:11     | Killed Josephine
 12159 | D:11     | Reached **** piety under Sif Muna
 12268 | D:11     | Found a staircase to the Lair.
 12730 | D:11     | Found a staircase to the Orcish Mines.
 12888 | D:12     | Noticed a seven-headed hydra
 12901 | D:12     | Killed a seven-headed hydra
 13210 | Lair:1   | Entered Level 1 of the Lair of Beasts
 13516 | Lair:1   | Noticed a seven-headed hydra
 13526 | Lair:1   | Killed a seven-headed hydra
 13642 | Lair:1   | Noticed an eight-headed hydra
 13653 | Lair:1   | Killed an eight-headed hydra
 14228 | Lair:2   | Found a staircase to the Snake Pit.
 14629 | Lair:2   | Reached XP level 13. HP: 98/98 MP: 26/26
 15596 | Lair:3   | Noticed Sonja
 15630 | Lair:3   | Killed Sonja
 15920 | Lair:3   | Reached skill level 10 in Ice Magic
 16142 | Lair:3   | Reached ***** piety under Sif Muna
 16609 | Lair:3   | Reached skill level 10 in Spellcasting
 17064 | Lair:4   | Learned a level 5 spell: Bolt of Magma
 17317 | Lair:4   | Found a staircase to the Shoals.
 17463 | Lair:4   | Noticed a fire dragon
 17497 | Lair:4   | Received a gift from Sif Muna
 17498 | Lair:4   | Got Sif Muna's Guide on the Toxic Entourage {god gift}
 17519 | Lair:4   | Killed a fire dragon
 17696 | Lair:4   | Reached XP level 14. HP: 103/106 MP: 22/28
 18215 | Lair:4   | Learned a level 5 spell: Summon Forest
 18221 | Lair:4   | Learned a level 5 spell: Summon Mana Viper
 18252 | Lair:5   | Reached skill level 10 in Dodging
 18293 | Lair:5   | Found a dark tunnel.
 18303 | Volcano  | Entered a volcano
 18642 | Volcano  | Found a radiant altar of Vehumet.
 18864 | Lair:5   | Reached skill level 10 in Stealth
 19541 | Lair:5   | Reached skill level 10 in Invocations
 20166 | Lair:5   | Found a viscous altar of Jiyva.
 20166 | Lair:5   | Found a staircase to the Slime Pits.
 20299 | Lair:5   | Found a bloodstained altar of Trog.
 20388 | Lair:6   | Entered Level 6 of the Lair of Beasts
 20395 | Lair:6   | Succumbed to a cane toad's poison

Illustrated notes

Levels and vault maps discovered:
D:1:      lightli_arrival_statuegarden, layout_rooms
D:2:      layout_basic, serial_bayou_pond_b
D:3:      layout_basic, basic_ecumenical_altar, chequers_jeans,
          minmay_door_square
D:4:      layout_basic, lemuel_tele_altar, mainiacjoe_overflow_alcove_4,
          serial_corexii_hall, chequers_hall_statues_corner_a,
          corexii_hall_statues_s
D:5:      layout_basic, kennysheep_mini_moat,
          minmay_temple_entry_enclosed_plants, nicolae_ossuary_entry_catacombs,
          guppyfry_shop_venom
D:6:      layout_basic, mainiacjoe_overflow_alcove_1,
          chequers_temple_overflow_statue_of_worship, interstate_on_off,
          uniq_edmund
D:7:      layout_basic
D:8:      layout_loops_corners, pdpol_wu_jian_five_deadly_venoms, trog_book
D:9:      minmay_tri_box, layout_basic, ebering_ghost_gozag,
          minmay_fractal_squares_gapless_5
D:10:     layout_long_grid, uniq_nergalle, uniq_joseph
D:11:     layout_long_grid, dpeg_oklobed_lair, erik_orc_1, special_room
          [special_room_bee], minmay_misc_feat_x, uniq_josephine
D:12:     layout_gridville, serial_shops, shop_coins, enter_bailey_6,
          uniq_snorg, uniq_erolcha
Temple:   eino_narrow_crystal_temple
Lair:1:   layout_loops_ring, chequers_serial_rivers_micro_d
Lair:2:   layout_long_grid, dummy_snake_entry, minmay_lair_oklob_bushes,
          st_stairs_9
Lair:3:   nzn_winding_woodlands_small [nzn_winding_woodlands_5x15_pockets,
          nzn_winding_woodlands_center_triple_pond,
          nzn_winding_woodlands_5x15_parted], layout_cave_pods, uniq_sonja
Lair:4:   dragon1_lemuel, layout_gridlike, minmay_shoals_entry_hut,
          minmay_lair_oklob_chamber
Lair:5:   layout_gridlike, slime_altar_1, nicolae_volcano_entry_lava_flow,
          eino_small_chamber_without_monster, lemuel_centaur_altar
Lair:6:   minmay_lair_end_enchanted_forest, layout_gridlike,
          gammafunk_ghost_split, grunt_megastairs_1, infiniplex_staircase_pool

Skill      XL: |  1  2  3  4  5  6  7  8  9 10 11 12 13 14 |
---------------+-------------------------------------------+-----
Spellcasting   | 5 6 7 8 9 10 | 10.4
Invocations    | 1 2 3 4 5 6 7 8 9 10 | 10.0
Fighting       | 1 2 3 4 5 6 7 8 9 |  9.2
Short Blades   | 1 2 3 4 5 6 7 8 9 |  9.2
Long Blades    | 1 2 3 4 5 6 7 8 9 |  9.2
Axes           | 1 2 3 4 5 6 7 8 9 |  9.2
Maces & Flails | 1 2 3 4 5 6 7 8 9 |  9.2
Polearms       | 1 2 3 4 5 6 7 8 9 |  9.2
Staves         | 1 2 3 4 5 6 7 8 9 |  9.2
Slings         | 1 2 3 4 5 6 7 8 9 |  9.2
Bows           | 1 2 3 4 5 6 7 8 9 |  9.2
Crossbows      | 1 2 3 4 5 6 7 8 9 |  9.2
Throwing       | 1 2 3 4 5 6 7 8 9 |  9.2
Armour         | 1 2 3 4 5 6 7 8 9 |  9.2
Shields        | 1 2 3 4 5 6 7 8 9 |  9.2
Unarmed Combat | 1 2 3 4 5 6 7 8 9 |  9.2
Evocations     | 1 2 3 4 5 6 7 8 9 |  9.2
Conjurations   | 1 2 3 4 5 6 7 |  7.7
Hexes          | 1 2 3 4 5 6 7 |  7.7
Summonings     | 1 2 3 4 5 6 7 |  7.7
Necromancy     | 1 2 3 4 5 6 7 |  7.7
Translocations | 1 2 3 4 5 6 7 |  7.7
Transmutations | 1 2 3 4 5 6 7 |  7.7
Fire Magic     | 1 2 3 4 5 6 7 |  7.7
Air Magic      | 1 2 3 4 5 6 7 |  7.7
Earth Magic    | 1 2 3 4 5 6 7 |  7.7
Poison Magic   | 1 2 3 4 5 6 7 |  7.7
Dodging        | 5 6 7 8 9 10 | 10.2
Stealth        | 5 6 7 8 9 10 | 10.1
Ice Magic      | 8 9 10 | 10.4

Action                   |  1- 3 |  4- 6 |  7- 9 | 10-12 | 13-15 || total
-------------------------+-------+-------+-------+-------+-------++-------
Melee: Unarmed           |     2 |       |       |       |       ||     2
       Long sword        |    39 |   162 |   450 |    21 |       ||   672
       Bite              |     6 |    11 |    61 |    54 |    29 ||   161
       Punch             |       |       |    13 |     7 |       ||    20
       Falchion          |       |       |       |   133 |       ||   133
       Spear             |       |       |       |   202 |   237 ||   439
 Cast: Freeze            |    27 |    21 |    13 |    28 |    18 ||   107
       Frozen Ramparts   |       |     3 |    22 |    36 |    37 ||    98
       Ozocubu's Armour  |       |     1 |     9 |    19 |    19 ||    48
       Hailstorm         |       |       |       |    65 |    87 ||   152
       Bolt of Magma     |       |       |       |       |    38 ||    38
       Summon Forest     |       |       |       |       |     6 ||     6
       Summon Mana Viper |       |       |       |       |     4 ||     4
Invok: Channel Magic     |       |       |       |     3 |     6 ||     9
Evoke: Wand              |       |       |     6 |     1 |       ||     7
  Use: Scroll            |       |     7 |     7 |     3 |     6 ||    23
       Potion            |       |     2 |     5 |       |       ||     7
 Stab: Sleeping          |     4 |    15 |    10 |     5 |       ||    34
       Distracted        |     1 |       |     1 |       |     1 ||     3
Armor: Robe              |     9 |    53 |    82 |       |    28 ||   172
       Steam dragon scal |       |       |    64 |   176 |    74 ||   314
Dodge: Dodged            |    54 |   134 |   355 |   296 |   179 ||  1018
Block: Other             |       |       |       |    28 |       ||    28
       Buckler           |       |       |       |   118 |   169 ||   287
       Reflection        |       |       |       |     4 |     8 ||    12
       Rpst.: Long sword |    14 |    31 |   121 |     8 |       ||   174
       Falchion          |       |       |       |    37 |       ||    37
